 Dungeon Crawl Stone Soup version 0.25.1-8-g42b30a86e7 (webtiles) character file.

Game seed: 16812006015829141927

372695 Clowwww the Hoplite (level 21, -9/163 HPs)
             Began as a Minotaur Fighter on Dec 13, 2020.
             Was a High Priest of Trog.
             Mangled by the Royal Jelly (18 damage)
             ... on level 5 of the Pits of Slime.
             The game lasted 02:41:12 (44150 turns).

Clowwww the Hoplite (Minotaur Fighter)             Turns: 44150, Time: 02:41:13

Health: -9/163     AC: 29    Str: 34    XL:     21   Next: 73%
Magic:  31/31      EV: 17    Int:  9    God:    Trog [*****.]
Gold:   4186       SH: 31    Dex: 32    Spells: 20/20 levels left

rFire    + + +     SeeInvis .   K - +2 broad axe of Awi Lakh {vorpal, +Blink Str-3 Int+4 Dex+8}
rCold    + . .     Gourm    .   L - +5 kite shield {rPois}
rNeg     . . .     Faith    .   W - +16 gold dragon scales "Nubbiu" {rPois rF+ rC+ Dex+3 Stlth+}
rPois    +         Spirit   .   (helmet restricted)
rElec    +         Reflect  +   d - +1 cloak of the Game of Kings {rF+ Dex+2}
rCorr    +         Harm     .   v - +0 pair of fencer's gloves {Riposte Dex+3}
MR       ++++.     Rnd*Rage +   Q - +1 pair of boots "Nit Yxyemm" {Str+4 Int+4 Dex-2}
Stlth    ..........             h - amulet "Caxzoufi" {Reflect rF+ MR+ Str+4 SH+5}
HPRegen  1.37/turn              N - ring of resist corrosion
MPRegen  0.22/turn              p - ring "Luzacuy" {rElec MP+9 Dex+6}

@: corroded, berserk cooldown, regenerating, slowed, studying Stealth, very slow
A: retaliatory headbutt, horns 2, berserk 3, blurry vision 1, deformed body,
deterioration 1, dopey 2, frail 2, screaming 2, subdued magic 1
}: 2/15 runes: decaying, serpentine
a: Berserk, Trog's Hand, Brothers in Arms, Renounce Religion, Evoke Blink


You were on level 5 of the Pits of Slime.
You worshipped Trog.
Trog was extremely pleased with you.
You were near starving.

You visited 8 branches of the dungeon, and saw 40 of its levels.
You visited the Abyss 1 time.
You also visited: Ice Cave, Volcano and Desolation.

You collected 4186 gold pieces.

Inventory:

Hand Weapons
 s - a +3 broad axe of flaming
 E - a +4 war axe of flaming
 K - the +2 broad axe of Awi Lakh (weapon) {vorpal, +Blink Str-3 Int+4 Dex+8}
   (Trog gifted it to you in an ice cave)

   It inflicts extra damage upon your enemies.
   It affects your strength (-3).
   It affects your intelligence (+4).
   It affects your dexterity (+8).
   It lets you blink.
 Z - the +2 morningstar of Anguish {freeze, MR+}
   (You found it in the Desolation of Salt)

   It has been specially enchanted to freeze those struck by it, causing extra
   injury to most foes and up to half again as much damage against particularly
   susceptible opponents.
   It can also slow down cold-blooded creatures.
   It affects your resistance to hostile enchantments.
Missiles
 k - 5 throwing nets
 O - 20 silver javelins
 P - 12 boomerangs (quivered)
Armour
 b - the +7 chain mail of Lethargy {rElec Dex+2}
   (You found it on level 11 of the Dungeon)

   It affects your dexterity (+2).
   It insulates you from electricity.
 d - the +1 cloak of the Game of Kings (worn) {rF+ Dex+2}
   (You found it on level 6 of the Dungeon)

   It affects your dexterity (+2).
   It protects you from fire.
 v - the +0 pair of fencer's gloves (worn) {Riposte Dex+3}
   (You found it in the Desolation of Salt)

   It affects your dexterity (+3).
 F - the +0 ring mail "Lahus" {-Tele rC++ Str+4}
   (You found it on level 11 of the Dungeon)

   It affects your strength (+4).
   It greatly protects you from cold.
   It prevents most forms of teleportation.
 L - a +5 kite shield of poison resistance (worn)
 Q - the +1 pair of boots "Nit Yxyemm" (worn) {Str+4 Int+4 Dex-2}
   (You found it on level 2 of the Elven Halls)

   It affects your strength (+4).
   It affects your intelligence (+4).
   It affects your dexterity (-2).
 U - the +4 pair of gloves of the Poles {rC+ Str+4}
   (You found it on level 3 of the Elven Halls)

   It affects your strength (+4).
   It protects you from cold.
 W - the +16 gold dragon scales "Nubbiu" (worn) {rPois rF+ rC+ Dex+3 Stlth+}
   (You found it on level 3 of the Elven Halls)

   It affects your dexterity (+3).
   It protects you from fire.
   It protects you from cold.
   It protects you from poison.
   It makes you more stealthy.
Jewellery
 h - the amulet "Caxzoufi" (around neck) {Reflect rF+ MR+ Str+4 SH+5}
   (You acquired it on level 10 of the Dungeon)

   [amulet of reflection]

   It shields you and reflects attacks.
   It affects your strength (+4).
   It protects you from fire.
   It affects your resistance to hostile enchantments.
   It affects your SH (+5).
 p - the ring "Luzacuy" (right hand) {rElec MP+9 Dex+6}
   (You found it on level 6 of the Dungeon)

   [ring of magical power]

   It affects your dexterity (+6).
   It insulates you from electricity.
   It affects your magic capacity (+9).
 C - an uncursed ring of see invisible
 D - the amulet "Jutesoe" {Faith rPois rF+++ MP-9 Int-3}
   (You took it off a deep elf archer on level 3 of the Elven Halls)

   [amulet of faith]

   It allows you to gain divine favour quickly.
   It affects your intelligence (-3).
   It renders you almost immune to fire.
   It protects you from poison.
   It affects your magic capacity (-9).
 M - an uncursed ring of protection from cold
 N - a ring of resist corrosion (left hand)
Wands
 c - a wand of acid (6)
 e - a wand of flame (74)
 r - a wand of disintegration (32)
 u - a wand of iceblast (26)
 G - a wand of paralysis (28)
Scrolls
 a - a scroll of enchant armour
 i - 7 scrolls of teleportation
 o - 18 scrolls of remove curse
 t - 3 scrolls of blinking
 y - 6 scrolls of fog
 H - 3 scrolls of fear
 R - a scroll of silence
 V - 3 scrolls of magic mapping
Potions
 j - 6 potions of might
 l - a potion of stabbing
 m - 9 potions of flight
 n - 2 potions of ambrosia
 q - 2 potions of cancellation
 w - 3 potions of resistance
 x - 5 potions of haste
 z - 2 potions of heal wounds
 A - 3 potions of magic
 B - 9 potions of curing
 J - 3 potions of invisibility
Books
 S - a manual of Stealth
Comestibles
 f - 63 rations


   Skills:
 + Level 21.2 Fighting
 + Level 23.2 Axes
 + Level 4.6 Throwing
 + Level 15.6 Armour
 + Level 10.3 Dodging
 + Level 5.1 Stealth
 + Level 25.5 Shields
 + Level 2.7 Evocations


You had 20 spell levels left.
You didn't know any spells.
Your spell library was empty.

Dungeon Overview and Level Annotations

Branches:
Dungeon (15/15)            Temple (1/1) D:4            Lair (6/6) D:11
  Swamp (4/4) Lair:4        Snake (4/4) Lair:4        Slime (5/5) Lair:5
    Orc (2/2) D:11            Elf (3/3) Orc:2        Vaults (0/5) D:14
 Depths (0/5) D:15          IceCv (visited)         Volcano (visited)
Desolation (visited)

Altars:
Ashenzari
Cheibriados
Dithmenos
Elyvilon
Fedhas
Gozag
Hepliaklqana
Kikubaaqudgha
Makhleb
Nemelex Xobeh
Okawaru
Qazlal
Ru
Sif Muna
Trog
Uskayaw
Vehumet
Wu Jian
Xom
Yredelemnul
Zin
The Shining One
Jiyva

Shops:
D:5 [   D:15 *   Orc:2 *(:?   Elf:1 %[:%%   Snake:3 %

Portals:
Trove: D:13 (give horn of Geryon)

Annotations:
Slime:5 Royal Jelly


Innate Abilities, Weirdness & Mutations

You reflexively headbutt those who attack you in melee.
You have a pair of horns on your head.
You have an uncontrollable temper.
Scrolls take you a little longer to read.
Armour fits poorly on your strangely shaped body.
Your body sometimes deteriorates upon taking damage.
You are very dopey. (Int -4)
You are very frail. (-20% HP)
You sometimes yell uncontrollably at your foes.
Your spells are a little easier to cast, but a little less powerful.


Message History

You block the azure jelly's attack. x2
The azure jelly hits you but does no damage. x2
The Royal Jelly hits you but does no damage.
You block the Royal Jelly's attack. The acid blob spits acid at you.
The splash of acid reflects off an invisible shield around you!
The splash of acid hits the acid blob.
The acid blob completely resists.
The acid blob hits you.
* * * LOW HITPOINT WARNING * * *
You are splashed with acid.
You resist.
* * * LOW HITPOINT WARNING * * *
The azure jelly hits you.
* * * LOW HITPOINT WARNING * * *
The azure jelly freezes you!! You resist.
* * * LOW HITPOINT WARNING * * *
The azure jelly misses you. The azure jelly closely misses you.
The azure jelly hits you.
* * * LOW HITPOINT WARNING * * *
The Royal Jelly hits you!!
You die...

..............................
..............................
..............................
..............................
.............................
#...........................
#..............J...........
##.............JJ.......##
######........@J......##
####......J.....##
###....#J...## #####...###
####


You could see the Royal Jelly, 2 acid blobs, 2 azure jellies and a death ooze.

Vanquished Creatures
  Mara (Elf:3)
  Vashnia (Snake:3)
  the Lernaean hydra (Swamp:4)
  Bai Suzhen (Swamp:3)
  Jorgrun (Elf:2)
  Rupert (D:13)
  3 deep elf blademasters
  2 deep elf master archers (Elf:3)
  14 acid blobs
  The ghost of kthxbai the Markscentaur, an adept CeHu of Okawaru (Elf:2)
  4 thorn hunters
  Donald (Elf:1)
  11 nagarajas
  Roxanne (Swamp:2)
  11 azure jellies
  2 deep elf sorcerers (Elf:3)
  Aizul (Swamp:1)
  2 imperial myrmidons (Desolation)
  6 deep elf elementalists
  A cacodemon (Abyss:2)
  A draconian annihilator (Abyss:2)
  4 deep elf demonologists
  5 halazid warlocks (Desolation)
  3 deep elf annihilators (Elf:3)
  A red draconian (Volcano)
  A white draconian (IceCv)
  The ghost of Leidy the Severer, a journeyman MiBe of Trog (Lair:5)
  A dire elephant (D:15)
  4 deep elf death magi (Elf:3)
  A death ooze (Slime:5)
  Snorg (Orc:1)
  2 deep elf high priests (Elf:3)
  The ghost of Clowwww the Cleaver, a journeyman MiAK of Lugonu (D:10)
  7 ragged hierophants (Desolation)
  4 servants of whispers (Desolation)
  Harold (D:7)
  A vault guard (D:14)
  5 great orbs of eyes
  5 peacekeepers (Desolation)
  14 naga warriors
  A merfolk avatar (Swamp:4)
  24 hydras
  2 catoblepae
  3 shambling mangroves
  6 centaur warriors
  A ghost crab (Swamp:3)
  20 anacondas
  8 death yaks
  The ghost of smzp the Cleaver, a novice MiFi of Okawaru (Lair:1)
  5 two-headed ogres
  A death knight (D:14)
  12 alligators
  2 tengu warriors
  24 dancing weapons
  3 orc high priests (Orc:2)
  5 shock serpents
  19 deep elf knights
  Urug (D:13)
  A wretched star (Abyss:2)
  A shock serpent (shapeshifter) (D:13)
  Nergalle (Lair:1)
  18 naga sharpshooters
  4 salamander mystics
  2 large abominations
  A spriggan druid (Swamp:4)
  An unseen horror (D:15)
  15 swamp dragons
  Pikel (D:5)
  8 sea snakes (Snake:4)
  A wizard (D:14)
  A glowing orange brain (Slime:4)
  4 ironbrand convokers (Desolation)
  8 naga ritualists
  6 orc knights
  18 deep elf archers
  58 deep elf magi
  9 shining eyes
  A necromancer (D:14)
  13 mana vipers
  7 orc sorcerers
  3 oklob plants (Lair:3)
  16 salamanders
  A wolf spider (D:15)
  2 ugly things (D:12)
  4 cyclopes
  2 elephants (Lair:4)
  2 manticores (D:13)
  20 naga magi
  3 moths of wrath
  8 guardian serpents
  33 black mambas
  The ghost of Destapler the Skirmisher, a novice MiSu (D:4)
  An ice statue (IceCv)
  An eye of devastation (Slime:3)
  3 gargoyles
  2 torpor snails
  28 spiny frogs
  A spiny frog (shapeshifter) (D:14)
  A rime drake (shapeshifter) (Elf:2)
  A kobold demonologist (D:12)
  11 komodo dragons
  A guardian mummy (D:13)
  2 rime drakes
  10 trolls
  23 polar bears
  A queen bee (Lair:1)
  19 hornets
  5 tyrant leeches
  78 slime creatures
  39 saltlings (Desolation)
  15 blink frogs
  Prince Ribbit (D:7)
  18 hippogriffs
  8 bog bodies
  4 raiju
  The ghost of chickendinner the Skirmisher, an amateur GrBe of Trog (D:4)
  4 air elementals
  A shadow (Swamp:2)
  11 spriggans
  2 small abominations
  3 water elementals
  5 wyverns
  66 yaks
  2 hungry ghosts
  6 wraiths
  9 basilisks
  22 humans (D:14)
  4 fire elementals
  A golden eye (Slime:5)
  16 vampire mosquitoes
  Menkaure (D:7)
  10 insubstantial wisps
  15 swamp worms
  An acid dragon (D:15)
  7 wargs
  69 nagas
  A soldier ant (D:14)
  17 hell hounds
  11 porcupines
  8 water moccasins
  23 orc warriors
  12 swamp drakes
  14 black bears
  A sky beast (D:6)
  4 ice beasts
  13 ogres
  2 necrophages
  5 centaurs
  A boggart (D:14)
  8 eyes of draining
  A wolf (shapeshifter) (D:15)
  38 wolves
  A crocodile (shapeshifter) (D:15)
  17 crocodiles
  2 big kobolds
  Blork the orc (Orc:1)
  The ghost of DearestLeader the Chiller, an amateur GrIE (D:4)
  20 bullfrogs
  5 earth elementals
  A gnoll sergeant (Orc:1)
  A wyvern skeleton (D:13)
  11 scorpions
  18 killer bees
  An electric eel (Elf:3)
  6 howler monkeys
  12 wights
  3 crimson imps
  4 starcursed masses (Abyss:1)
  4 centaur zombies
  6 jellies
  A quasit (D:10)
  Crazy Yiuf (D:3)
  6 hounds
  17 orc priests
  20 orc wizards
  3 bullfrog skeletons
  5 centaur skeletons
  4 iguanas
  7 worker ants
  10 hell rats
  The ghost of YoMomma the Chopper, a weakling TrMo (D:4)
  A hound skeleton (D:9)
  2 hound zombies
  3 worker ant zombies
  4 gnolls (D:8)
  16 adders
  A howler monkey skeleton (D:6)
  5 river rats (Lair:1)
  3 shadow imps
  12 white imps (D:11)
  2 oozes
  4 worms
  2 dart slugs
  A leopard gecko (D:1)
  61 orcs
  5 giant cockroaches
  6 goblins
  9 hobgoblins
  21 jackals
  A ball python (D:1)
  A ball python skeleton (D:4)
  5 bats
  6 frilled lizards
  A goblin zombie (D:7)
  2 jackal skeletons
  11 kobolds
  A kobold zombie (D:7)
  A quokka zombie (D:5)
  14 rats
  4 briar patches (Swamp:3)
  4 crawling corpses (Elf:3)
  2 fungi
  3 plants
1632 creatures vanquished.

Vanquished Creatures (collateral kills)
  An acid blob (Slime:5)
  2 deep elf sorcerers (Elf:3)
  A deep elf demonologist (Elf:3)
  A deep elf annihilator (Elf:3)
  A guardian serpent (Desolation)
  7 saltlings (Desolation)
13 creatures vanquished.

Vanquished Creatures (others)
  Sonja (Orc:1)
  A deep elf knight (Elf:2)
  A deep elf mage (Elf:1)
  A black mamba (Snake:1)
  A guardian serpent (Desolation)
  2 saltlings (Desolation)
  A slime creature (Swamp:2)
  A spriggan (Swamp:4)
  A naga (Snake:4)
  A slave (D:5)
  A phantom (D:5)
  3 wolves (IceCv)
  An orc (D:5)
  A briar patch (Swamp:3)
  20 fungi
  16 plants
53 creatures vanquished.

Grand Total: 1698 creatures vanquished

Notes
Turn   | Place    | Note
-------+----------+-------------------------------------------
     0 | D:1      | Clowwww the Minotaur Fighter began the quest for the Orb.
     0 | D:1      | Reached XP level 1. HP: 19/19 MP: 0/0
   123 | D:1      | Reached XP level 2. HP: 27/27 MP: 1/1
   665 | D:2      | Reached XP level 3. HP: 33/33 MP: 2/2
  1225 | D:2      | Reached skill level 4 in Shields
  1276 | D:3      | Reached skill level 1 in Dodging
  1276 | D:3      | Reached XP level 4. HP: 40/40 MP: 3/3
  1785 | D:3      | Found an ancient bone altar of Kikubaaqudgha.
  1808 | D:3      | Reached XP level 5. HP: 47/47 MP: 4/4
  2036 | D:3      | Found a runed translucent door.
  2037 | D:3      | Noticed Crazy Yiuf
  2044 | D:3      | Killed Crazy Yiuf
  2346 | D:4      | Reached skill level 5 in Fighting
  2346 | D:4      | Reached skill level 5 in Axes
  2361 | D:4      | Reached XP level 6. HP: 52/56 MP: 5/5
  2410 | D:4      | Found a staircase to the Ecumenical Temple.
  2443 | Temple   | Entered the Ecumenical Temple
  2497 | Temple   | Became a worshipper of Trog the Wrathful
  2638 | D:4      | Reached skill level 5 in Shields
  2698 | D:4      | Found a runed translucent gate.
  2698 | D:4      | Found a runed translucent gate.
  2698 | D:4      | Found a runed translucent gate.
  2698 | D:4      | Noticed chickendinner's ghost (amateur GrBe)
  2698 | D:4      | Noticed Destapler's ghost (novice MiSu)
  2699 | D:4      | Noticed DearestLeader's ghost (amateur GrIE)
  2699 | D:4      | Noticed YoMomma's ghost (weakling TrMo)
  2723 | D:4      | Found an iron altar of Okawaru.
  3133 | D:4      | Found a glowing golden altar of the Shining One.
  3137 | D:4      | Found a basalt altar of Yredelemnul.
  3139 | D:4      | Noticed a profane servitor
  3147 | D:4      | Noticed an angel
  3347 | D:4      | Found a sacrificial altar of Ru.
  3347 | D:4      | Found a hide-covered altar of Uskayaw.
  3606 | D:4      | Killed DearestLeader's ghost
  3606 | D:4      | Reached skill level 5 in Armour
  3606 | D:4      | Reached XP level 7. HP: 26/61 MP: 6/6
  3607 | D:4      | HP: 3/61 [Destapler's ghost (5)]
  3633 | D:4      | Killed Destapler's ghost
  3634 | D:4      | Killed chickendinner's ghost
  3634 | D:4      | Reached XP level 8. HP: 16/69 MP: 7/7
  3636 | D:4      | Killed YoMomma's ghost
  3936 | D:5      | Entered Level 5 of the Dungeon
  4328 | D:5      | Noticed Pikel
  4346 | D:5      | HP: 2/70 [Pikel/+2 whip of electrocution (11)]
  4347 | D:5      | Killed Pikel
  4347 | D:5      | Reached * piety under Trog
  4347 | D:5      | Reached skill level 6 in Shields
  4347 | D:5      | Reached skill level 1 in Evocations
  4820 | D:5      | Found a shimmering altar of Xom.
  4821 | D:5      | Found a hazy altar of Hepliaklqana.
  4822 | D:5      | Noticed a spectral ugly thing
  4879 | D:5      | Found Posor's Armour Boutique.
  4906 | D:5      | Reached XP level 9. HP: 76/78 MP: 9/9
  5252 | D:6      | Got a translucent cloak
  5285 | D:6      | Identified the +1 cloak of the Game of Kings {rF+ Dex+2}
                  | (You found it on level 6 of the Dungeon)
  5533 | D:6      | Found a glowing silver altar of Zin.
  5726 | D:6      | Reached skill level 10 in Axes
  5866 | D:6      | Found a blossoming altar of Fedhas.
  6003 | D:6      | Got a smoking copper ring
  6013 | D:6      | Identified the ring "Luzacuy" {rElec MP+9 Dex+6} (You found
                  | it on level 6 of the Dungeon)
  6068 | D:7      | Noticed Menkaure
  6073 | D:7      | Killed Menkaure
  6073 | D:7      | Reached skill level 1 in Stealth
  6089 | D:7      | Noticed Prince Ribbit
  6100 | D:7      | Killed Prince Ribbit
  6119 | D:7      | Got a faintly glowing robe
  6120 | D:7      | Identified the +2 robe "Bues" {Dex+6} (You found it on
                  | level 7 of the Dungeon)
  6321 | D:7      | Reached skill level 7 in Shields
  6325 | D:7      | Found a runed translucent door.
  6328 | D:7      | Reached ** piety under Trog
  6332 | D:7      | Found a basalt altar of Yredelemnul.
  6332 | D:7      | Noticed Harold
  6343 | D:7      | Killed Harold
  6343 | D:7      | Reached XP level 10. HP: 86/86 MP: 10/10
  6546 | D:7      | Reached skill level 8 in Shields
  7406 | D:8      | Reached skill level 5 in Dodging
  7417 | D:8      | Reached *** piety under Trog
  8330 | D:9      | Reached XP level 11. HP: 47/95 MP: 11/11
  8658 | D:10     | Entered Level 10 of the Dungeon
  9008 | D:10     | Noticed Clowwww's ghost (journeyman MiAK)
  9009 | D:10     | Identified the +10 halberd "Yleqoth" {drain, rC++}
  9009 | D:10     | Noticed a tengu warrior
  9017 | D:10     | Found a bloodstained altar of Trog.
  9017 | D:10     | Identified the +2 great mace of Rocsezan {venom, Dex+2}
  9017 | D:10     | Noticed a two-headed ogre
  9026 | D:10     | Found a transporter.
  9028 | D:10     | Found a transporter.
  9081 | D:10     | Killed a tengu warrior
  9089 | D:10     | Killed Clowwww's ghost
  9089 | D:10     | Reached skill level 9 in Shields
  9135 | D:10     | Killed a two-headed ogre
  9137 | D:10     | Reached **** piety under Trog
  9468 | D:10     | Identified a scroll of acquirement
  9468 | D:10     | Acquired the amulet "Caxzoufi" {Reflect rF+ MR+ Str+4 SH+5}
 10160 | D:11     | Got a polished ring mail
 10161 | D:11     | Found a frozen archway.
 10194 | D:11     | Identified the cursed +0 ring mail "Lahus" {-Tele rC++
                  | Str+4} (You found it on level 11 of the Dungeon)
 10198 | IceCv    | Entered an ice cave
 10301 | IceCv    | Reached ***** piety under Trog
 10662 | IceCv    | Reached skill level 10 in Fighting
 10695 | IceCv    | Reached skill level 15 in Axes
 10695 | IceCv    | Reached XP level 12. HP: 83/106 MP: 12/12
 10701 | IceCv    | Reached skill level 10 in Shields
 10884 | IceCv    | Received a gift from Trog
 10896 | IceCv    | Got a dazzling broad axe {god gift}
 10897 | IceCv    | Identified the +2 broad axe of Awi Lakh {vorpal, +Blink
                  | Str-3 Int+4 Dex+8} (Trog gifted it to you in an ice cave)
 11024 | IceCv    | Noticed a white draconian
 11024 | IceCv    | Noticed a death yak
 11041 | IceCv    | Killed a death yak
 11047 | IceCv    | Killed a white draconian
 11134 | IceCv    | Identified the Disquisition on Snow
 11524 | D:11     | Found a staircase to the Orcish Mines.
 11635 | D:11     | Reached skill level 11 in Shields
 11765 | D:11     | Found a staircase to the Lair.
 11902 | D:11     | Reached skill level 1 in Throwing
 11945 | D:11     | Got a steaming chain mail
 12302 | D:12     | Found a stormy altar of Qazlal.
 12316 | D:12     | You fall into a shaft and drop 2 floors!
 12319 | D:14     | Found an iron altar of Okawaru.
 12342 | D:14     | Noticed a catoblepas
 12356 | D:14     | Killed a catoblepas
 12516 | D:12     | Noticed a tengu warrior
 12522 | D:12     | Killed a tengu warrior
 12522 | D:12     | Received a gift from Trog
 12522 | D:12     | Reached XP level 13. HP: 116/116 MP: 13/13
 12553 | D:12     | Identified the +7 chain mail of Lethargy {rElec Dex+2} (You
                  | found it on level 11 of the Dungeon)
 13575 | D:13     | Noticed Rupert
 13586 | D:13     | Killed Rupert
 13591 | D:13     | Noticed Urug
 13605 | D:13     | Killed Urug
 13670 | D:13     | Reached skill level 12 in Shields
 13892 | D:13     | Found a portal to a secret trove of treasure.
 14019 | D:13     | Found a hide-covered altar of Uskayaw.
 14279 | D:14     | Reached skill level 10 in Armour
 14318 | D:14     | Received a gift from Trog
 14337 | D:14     | Found a gate to the Vaults.
 14746 | D:14     | Acquired a manual of Stealth
 14972 | D:14     | Reached XP level 14. HP: 127/127 MP: 14/14
 15239 | D:15     | Entered Level 15 of the Dungeon
 15429 | D:15     | Reached skill level 13 in Shields
 15500 | D:15     | Received a gift from Trog
 16099 | D:15     | Found Ipruuph's Assorted Antiques.
 16213 | D:15     | Found a staircase to the Depths.
 16555 | Lair:1   | Entered Level 1 of the Lair of Beasts
 16608 | Lair:1   | Found a transporter.
 16612 | Lair:1   | Found a transporter.
 16613 | Lair:1   | Noticed smzp's ghost (novice MiFi)
 16656 | Lair:1   | Killed smzp's ghost
 16656 | Lair:1   | Reached skill level 14 in Shields
 17101 | Lair:1   | Found the +8 frozen axe "Frostbite" {freezing cloud, *Noise
                  | +Fly rC+}
 17327 | Lair:1   | Noticed Nergalle
 17333 | Lair:1   | Killed Nergalle
 18654 | Lair:3   | Found a dark tunnel.
 18659 | Volcano  | Entered a volcano
 18686 | Volcano  | Reached ****** piety under Trog
 18796 | Volcano  | Received a gift from Trog
 19240 | Lair:3   | Reached XP level 15. HP: 95/136 MP: 15/15
 19695 | Lair:4   | Found a staircase to the Snake Pit.
 19825 | Lair:4   | Reached skill level 15 in Shields
 20008 | Lair:4   | Found a staircase to the Swamp.
 20418 | Lair:5   | Found a viscous altar of Jiyva.
 20418 | Lair:5   | Found a staircase to the Slime Pits.
 20580 | Lair:5   | Received a gift from Trog
 20803 | Lair:5   | Found a transporter.
 20817 | Lair:5   | Found a transporter.
 20835 | Lair:5   | Noticed Leidy's ghost (journeyman MiBe)
 20851 | Lair:5   | Killed Leidy's ghost
 20865 | Lair:5   | Got a shimmering emerald amulet
 20914 | Lair:5   | Identified the amulet "Mutzol" {Faith *Corrode MR- Dex+8
                  | Stlth+} (You found it on level 5 of the Lair of Beasts)
 21314 | Lair:6   | Entered Level 6 of the Lair of Beasts
 21373 | Lair:6   | Reached skill level 16 in Shields
 21535 | Lair:6   | Received a gift from Trog
 21921 | Lair:6   | Reached skill level 15 in Fighting
 22097 | Lair:6   | Reached skill level 17 in Shields
 22669 | Snake:1  | Entered Level 1 of the Snake Pit
 22679 | Snake:1  | Reached XP level 16. HP: 135/149 MP: 16/16
 23026 | Snake:1  | Reached skill level 18 in Shields
 23030 | Snake:1  | Received a gift from Trog
 23891 | Snake:2  | Reached skill level 19 in Shields
 24260 | Snake:2  | Received a gift from Trog
 25312 | Snake:3  | Noticed Vashnia
 25323 | Snake:3  | Reached skill level 20 in Shields
 25367 | Snake:3  | Killed Vashnia
 25711 | Snake:3  | Reached XP level 17. HP: 154/158 MP: 17/17
 25754 | Snake:3  | Found Osorched's Food Emporium.
 26295 | Snake:3  | Received a gift from Trog
 26813 | Snake:4  | Entered Level 4 of the Snake Pit
 27447 | Snake:4  | Reached skill level 21 in Shields
 28061 | Snake:4  | Received a gift from Trog
 28306 | Snake:4  | Cast into level 1 of the Abyss (naga)
 28306 | Abyss:1  | Found a corrupted altar of Lugonu.
 28332 | Abyss:2  | Found a corrupted altar of Lugonu.
 28514 | Snake:4  | Escaped the Abyss
 28577 | Snake:4  | Reached XP level 18. HP: 28/170 MP: 18/18
 29092 | Snake:4  | Got a serpentine rune of Zot
 29538 | Swamp:1  | Entered Level 1 of the Swamp
 29556 | Swamp:1  | Noticed Aizul
 29567 | Swamp:1  | Received a gift from Trog
 29585 | Swamp:1  | Killed Aizul
 29891 | Swamp:1  | Found an opulent altar of Gozag.
 30120 | Swamp:1  | Reached skill level 22 in Shields
 30998 | Swamp:2  | Received a gift from Trog
 31305 | Swamp:2  | Identified Roxanne's Guide on Stones
 31305 | Swamp:2  | Noticed Roxanne
 31334 | Swamp:2  | Killed Roxanne
 32257 | Swamp:3  | Noticed Bai Suzhen
 32278 | Swamp:3  | Killed Bai Suzhen
 32801 | Swamp:4  | Entered Level 4 of the Swamp
 32848 | Swamp:4  | Received a gift from Trog
 33132 | Swamp:4  | Noticed the 27-headed Lernaean hydra
 33143 | Swamp:4  | Reached XP level 19. HP: 143/179 MP: 20/20
 33150 | Swamp:4  | Killed the 18-headed Lernaean hydra
 33614 | Swamp:4  | Reached skill level 23 in Shields
 33906 | Swamp:4  | Got a decaying rune of Zot
 34462 | Orc:1    | Entered Level 1 of the Orcish Mines
 34462 | Orc:1    | Noticed Snorg
 34463 | Orc:1    | Noticed Sonja
 34468 | Orc:1    | Killed Snorg
 34477 | Orc:1    | Killed Sonja
 34565 | Orc:1    | Noticed Blork the orc
 34574 | Orc:1    | Killed Blork the orc
 34574 | Orc:1    | Received a gift from Trog
 34938 | Orc:2    | Entered Level 2 of the Orcish Mines
 35006 | Orc:2    | Found a bloodstained altar of Trog.
 35369 | Orc:2    | Found a staircase to the Elven Halls.
 35457 | Orc:2    | Found Aqepsoag's Magic Scroll Boutique.
 35489 | Orc:2    | Received a gift from Trog
 35497 | Orc:2    | Found Idaghat's Antique Weapon Shoppe.
 35499 | Orc:2    | Found Faradoemat's Assorted Antiques.
 35499 | Orc:2    | Found Racs's Book Shoppe.
 35723 | Elf:1    | Entered Level 1 of the Elven Halls
 35854 | Elf:1    | Found Fiwago's Food Shoppe.
 35869 | Elf:1    | Found Juke's Food Emporium.
 35900 | Elf:1    | Found a ruined gateway.
 35909 | Desolati | Entered the Desolation of Salt
 36100 | Desolati | Received a gift from Trog
 36182 | Desolati | Reached skill level 10 in Dodging
 36397 | Desolati | Identified the Tome of Venomous Aid
 36447 | Desolati | Found the +0 pair of fencer's gloves {Riposte Dex+3}
 36457 | Desolati | Got a smoking rapier
 36459 | Desolati | Got a glimmering morningstar
 36473 | Desolati | Got a wavering iron ring
 36484 | Desolati | Identified Sif Muna's Handbook of Shifting Intoxication
 36488 | Desolati | Identified the ring "Vefuled" {rPois rC- MP+9 EV+4 Int+7}
                  | (You found it in the Desolation of Salt)
 36489 | Desolati | Identified the +2 morningstar of Anguish {freeze, MR+} (You
                  | found it in the Desolation of Salt)
 37470 | Elf:1    | Found Seut's Book Boutique.
 37526 | Elf:1    | Found Xolie's Food Shoppe.
 37567 | Elf:1    | Identified the +5 kite shield "Moanatt" {Int+8}
 37567 | Elf:1    | Noticed Donald
 37583 | Elf:1    | Killed Donald
 37975 | Elf:1    | Reached XP level 20. HP: 182/191 MP: 21/21
 38047 | Elf:1    | Found Pihaupp's Antique Armour Shoppe.
 38059 | Elf:1    | Received a gift from Trog
 38272 | Elf:2    | Found a runed translucent gate.
 38272 | Elf:2    | Found a runed translucent gate.
 38283 | Elf:2    | Found a runed translucent gate.
 38284 | Elf:2    | Noticed kthxbai's ghost (adept CeHu)
 38308 | Elf:2    | Identified the +0 leather armour of Patterns {rC+}
 38312 | Elf:2    | Reached skill level 24 in Shields
 38339 | Elf:2    | Killed kthxbai's ghost
 38410 | Elf:2    | Got a pair of glimmering boots
 38412 | Elf:2    | Identified the +1 pair of boots "Nit Yxyemm" {Str+4 Int+4
                  | Dex-2} (You found it on level 2 of the Elven Halls)
 39046 | Elf:2    | Found a huge runed translucent gate.
 39046 | Elf:2    | Found a huge runed translucent gate.
 39046 | Elf:2    | Found a huge runed translucent gate.
 39046 | Elf:2    | Found a huge runed translucent gate.
 39047 | Elf:2    | Found a huge runed translucent gate.
 39253 | Elf:2    | Noticed Jorgrun
 39259 | Elf:2    | Received a gift from Trog
 39269 | Elf:2    | Killed Jorgrun
 39593 | Elf:2    | Reached skill level 15 in Armour
 39786 | Elf:3    | Entered Level 3 of the Elven Halls
 39870 | Elf:3    | Noticed Mara
 39880 | Elf:3    | Noticed Clowwww's illusion
 39881 | Elf:3    | Killed Mara
 40435 | Elf:3    | Received a gift from Trog
 40936 | Elf:3    | Identified the amulet "Jutesoe" {Faith rPois rF+++ MP-9
                  | Int-3}
 41299 | Elf:3    | Identified the cursed +0 flail of Wealth {flame, Dex+5}
 41299 | Elf:3    | Identified the +2 leather armour of the Moon Troll {+Fly
                  | rF+}
 41299 | Elf:3    | Identified the ring of Loemoopa {rElec rPois MR- Int+4
                  | Stlth+}
 41305 | Elf:3    | Identified the cursed +1 great mace of Woe {vorpal, rPois
                  | SInv}
 41333 | Elf:3    | Reached skill level 5 in Stealth
 41334 | Elf:3    | Identified the Disquisition on Bewitching Air
 41355 | Elf:3    | Identified the Disquisition on Glacial Transformation
 41396 | Elf:3    | Identified the +7 quick blade of the Beginning {antimagic,
                  | Int-4 Dex+5}
 41409 | Elf:3    | Reached skill level 25 in Shields
 41412 | Elf:3    | Reached XP level 21. HP: 201/201 MP: 22/22
 41453 | Elf:3    | Identified the Grimoire of the Fetching Voyage
 41458 | Elf:3    | Identified Vepputud's Handbook of Stones and Talismans
 41470 | Elf:3    | Got a pair of encrusted gloves
 41473 | Elf:3    | Got transparent gold dragon scales
 41486 | Elf:3    | Identified the +16 gold dragon scales "Nubbiu" {rPois rF+
                  | rC+ Dex+3 Stlth+} (You found it on level 3 of the Elven
                  | Halls)
 41498 | Elf:3    | Identified the +4 pair of gloves of the Poles {rC+ Str+4}
                  | (You found it on level 3 of the Elven Halls)
 42149 | Slime:1  | Entered Level 1 of the Pits of Slime
 42161 | Slime:1  | Gained mutation: You tend to lose your temper in combat. [a
                  | shining eye]
 42464 | Slime:1  | Gained mutation: Your spells are a little easier to cast,
                  | but a little less powerful. [a shining eye]
 43109 | Slime:3  | Gained mutation: You often lose your temper in combat. [a
                  | shining eye]
 43121 | Slime:3  | Gained mutation: Scrolls take you a little longer to read.
                  | [a shining eye]
 43132 | Slime:3  | Received a gift from Trog
 43163 | Slime:3  | Gained mutation: You are frail. (-10% HP) [a shining eye]
 43862 | Slime:4  | Gained mutation: You are dopey. (Int -2) [a shining eye]
 43863 | Slime:4  | Gained mutation: Armour fits poorly on your strangely
                  | shaped body. [a shining eye]
 43868 | Slime:4  | Gained mutation: Your body sometimes deteriorates upon
                  | taking damage. [a shining eye]
 43871 | Slime:4  | Gained mutation: You occasionally shout uncontrollably at
                  | your foes. [a shining eye]
 43871 | Slime:4  | Gained mutation: You have an uncontrollable temper. [a
                  | shining eye]
 43878 | Slime:4  | Gained mutation: You are very frail. (-20% HP) [a shining
                  | eye]
 43981 | Slime:5  | Entered Level 5 of the Pits of Slime
 44005 | Slime:5  | Gained mutation: You sometimes yell uncontrollably at your
                  | foes. [a shining eye]
 44012 | Slime:5  | Gained mutation: You are very dopey. (Int -4) [a shining
                  | eye]
 44127 | Slime:5  | Noticed the Royal Jelly
 44150 | Slime:5  | Mangled by the Royal Jelly

Illustrated notes

Levels and vault maps discovered:
D:1:      tarquinn_simple_flora_water_e, layout_loops_ring
D:2:      layout_loops_ring, minmay_misc_feat_columns
D:3:      kennysheep_six_static_rooms, layout_basic, kiku_gazebo_garden_becter,
          uniq_crazy_yiuf_cottage
D:4:      layout_loops_corners, grunt_temple_overflow_holy_war,
          gammafunk_temple_overflow_statue, okawaru_trees_2,
          minmay_temple_entry_glassed_door, gammafunk_ghost_cemetery
D:5:      layout_basic, regret_index_temple_of_mockery, serial_shops, shop,
          first_ration, minmay_misc_feat_five, kennysheep_generic_room_16,
          uniq_pikel
D:6:      layout_loops_cross, lemuel_round_altar, zin_treasury
D:7:      layout_basic, dk_yredelemnul_ordeal, uniq_harold, uniq_menkaure,
          uniq_prince_ribbit1
D:8:      layout_basic, the_bakery, grunt_ministairs_14
D:9:      layout_gridville
D:10:     layout_loops_corners, gammafunk_ghost_wrathful_warriors
D:11:     layout_long_grid, due_lair_maze_entry_diamond, hiddenorc1_lemuel,
          portal_ice_cave_entry_imps, kennysheep_nondescript
D:12:     layout_grid_maze, basic_altar
D:13:     layout_cave_pools, nicolae_trove_entry_path_of_doom,
          kennysheep_small_circle, uniq_rupert, uniq_urug
D:14:     layout_roguey, grunt_vaults_entry_tiered, lemuel_crystal_altar,
          minmay_fractal_squares_gapless_7
D:15:     hangedman_depths_entry_try_elsewhere_first, layout_loops_ring,
          nicolae_wwwww, serial_shops, shop
Temple:   minmay_temple_bridge_abc
Lair:1:   layout_cave_pods, gammafunk_ghost_hive, kennysheep_abandoned_house,
          lemuel_fruit_tree, uniq_nergalle
Lair:2:   layout_cave_pods
Lair:3:   layout_loops_ring, enter_volcano_4, minmay_lair_oklob_chamber
Lair:4:   layout_roguey, skrybe_swamp_entry_bodies, guppyfry_snake_entry_island,
          nicolae_quartered_pool_little, beast_lair_carwin_5
Lair:5:   layout_regular_city, slime_altar_1, gammafunk_ghost_berserking_beasts,
          kennysheep_basilisk_garden
Lair:6:   hangedman_lair_caniforms_friends, layout_gridlike
Swamp:1:  layout_basic_swamp, basic_altar, uniq_aizul
Swamp:2:  layout_basic_swamp, evilmike_swamp_ruin_house_2, uniq_roxanne
Swamp:3:  layout_basic_swamp, evilmike_swamp_ruin_house_4, uniq_bai_suzhen
Swamp:4:  swamp_old_school, layout_basic_swamp, grunt_lady_of_the_lake,
          infiniplex_staircase_pool
Snake:1:  layout_misc_corridors
Snake:2:  layout_chambers, grunt_ministairs_5
Snake:3:  layout_basic, serial_shops, shop, grunt_ministairs_2, uniq_vashnia
Snake:4:  grunt_snake_rune_pools, layout_misc_corridors, special_room,
          grunt_ministairs_6
Slime:1:  layout_caves
Slime:2:  layout_caves
Slime:3:  layout_caves
Slime:4:  layout_caves
Slime:5
Orc:1:    layout_caves, sword_in_stone, uniq_snorg, uniq_sonja
Orc:2:    st_orc_elflike, layout_caves, basic_altar, nicolae_orc_lava_room
Elf:1:    elf_arrival_002, layout_geoelf_grid, portal_desolation_entry_ruin,
          serial_shops, shop, shop, shop, shop, shop, minmay_elf_demonology,
          uniq_donald
Elf:2:    layout_geoelf_diagonals, gammafunk_ghost_tricky_traps, uniq_jorgrun
Elf:3:    elf_hall_gauntlet_narrow, layout_geoelf_castle, uniq_mara

Skill      XL: |  1  2  3  4  5  6  7  8  9 10 11 12 13 14 15 16 17 18 19 20 21 |
---------------+----------------------------------------------------------------+-----
Fighting       | 4 5 6 7 8 10 11 12 13 15 16 17 18 19 20 21 | 21.2
Armour         | 4 5 6 8 9 10 11 12 13 14 15 | 15.6
Axes           | 3 4 5 7 9 11 13 15 16 17 18 19 20 21 22 23 | 23.2
Shields        | 4 5 6 7 8 9 11 12 14 17 20 21 22 23 25 | 25.5
Dodging        | 1 3 4 5 6 7 8 9 10 | 10.3
Evocations     | 1 2 |  2.7
Stealth        | 1 2 3 4 5 |  5.1
Throwing       | 1 3 4 |  4.6

Action                   |  1- 3 |  4- 6 |  7- 9 | 10-12 | 13-15 | 16-18 | 19-21 || total
-------------------------+-------+-------+-------+-------+-------+-------+-------++-------
Melee: War axe           |    82 |   125 |   195 |   396 |       |    74 |    37 ||   909
       Headbutt          |    11 |    21 |    45 |   175 |   350 |   465 |   433 ||  1500
       Broad axe         |       |       |       |   178 |   985 |  1117 |  1077 ||  3357
Throw: Javelin           |       |       |       |     2 |       |       |    11 ||    13
       Boomerang         |       |       |       |    10 |    30 |     6 |    29 ||    75
       Throwing net      |       |       |       |       |       |       |     4 ||     4
Invok: Trog's Hand       |       |       |       |     2 |       |     4 |    18 ||    24
       Berserk           |       |       |       |     2 |     2 |     3 |    11 ||    18
       Brothers in Arms  |       |       |       |       |       |       |     7 ||     7
Evoke: Wand              |       |     1 |     8 |     4 |     8 |    13 |       ||    34
  Use: Scroll            |       |    15 |     9 |     9 |    13 |     4 |    13 ||    63
       Potion            |       |     1 |     2 |     2 |       |     3 |     2 ||    10
 Stab: Petrified         |       |       |       |     8 |     4 |       |       ||    12
       Confused          |       |       |       |       |       |     2 |       ||     2
       Distracted        |       |       |       |       |       |       |     3 ||     3
  Eat: Chunk             |     1 |     7 |     9 |    20 |    34 |    18 |    24 ||   113
       Ration            |       |       |       |     1 |       |     6 |     9 ||    16
Armor: Scale mail        |    58 |    69 |    64 |    97 |       |       |       ||   288
       Ring mail         |       |       |       |    33 |       |       |       ||    33
       Plate armour      |       |       |       |    10 |       |       |       ||    10
       Chain mail        |       |       |       |       |   171 |   251 |   173 ||   595
       Gold dragon scale |       |       |       |       |       |       |    78 ||    78
Dodge: Dodged            |    32 |    58 |    52 |   207 |   230 |   328 |   274 ||  1181
Block: Kite shield       |    44 |    76 |    86 |   480 |   919 |  1369 |  1104 ||  4078
       Reflection        |       |       |       |    14 |    29 |   183 |    86 ||   312
       Rpst.: Broad axe  |       |       |       |       |       |       |    16 ||    16
